 Dungeon Crawl Stone Soup version 0.29.1-12-g30fa7ad0bf (webtiles) character file.

Game seed: 6092835950189647235

54173 Peloso the Fencer (level 14, -1/132 HPs)
             Began as a Minotaur Fighter on Jan 2, 2023.
             Was a High Priest of Okawaru.
             Slain by a spriggan
             ... wielding a +0 trident
              (8 damage)
             ... on level 3 of the Lair of Beasts.
             The game lasted 00:58:00 (23138 turns).

Peloso the Fencer (Minotaur Fighter)               Turns: 23138, Time: 00:58:06

Health: -1/132     AC: 23    Str: 23    XL:     14   Next: 33%
Magic:  15/15      EV: 14    Int:  5    God:    Okawaru [*****.]
Gold:   477        SH:  0    Dex: 17    Spells: 13/13 levels left

rFire   . . .      SeeInvis .   a - +9 great sword of Purpose {venom, rN+ Dex+4}
rCold   . . .      Faith    .   (shield currently unavailable)
rNeg    + . .      Spirit   .   E - +2 chain mail of Zagiel {Rampage Regen+}
rPois   +          Reflect  .   (helmet restricted)
rElec   .          Harm     .   v - +1 cloak
rCorr   .          Rampage  +   (no gloves)
Will    ++...      Clarity  +   x - +2 pair of boots
Stlth   ..........              P - amulet of Vitality {RegenMP++ Regen++}
HPRegen 2.72/turn               h - ring of poison resistance
MPRegen 0.94/turn               i - ring of willpower

@: heroic
A: horns 2, retaliatory headbutt, claws 1, clarity
a: Renounce Religion, Heroism, Finesse, Duel


You were on level 3 of the Lair of Beasts.
You worshipped Okawaru.
Okawaru was extremely pleased with you.
You visited 4 branches of the dungeon, and saw 18 of its levels.
You also visited: Ossuary.

You collected 1893 gold pieces.
You spent 1416 gold pieces at shops.

Inventory:

Hand Weapons
 a - the +9 great sword of Purpose (weapon) {venom, rN+ Dex+4}
   (Okawaru gifted it to you on level 2 of the Orcish Mines)

   It poisons the flesh of those it strikes.
   Dex:       It affects your dexterity (+4).
   rN:        It protects you from negative energy.
 b - a +4 antimagic demon blade
 c - a +0 trident of flaming
Armour
 d - a +0 kite shield
 v - a +1 cloak (worn)
 x - a +2 pair of boots (worn)
 y - +0 swamp dragon scales
 z - a +1 plate armour of positive energy
 E - the +2 chain mail of Zagiel (worn) {Rampage Regen+}
   (You found it on level 2 of the Lair of Beasts)

   Regen:     It increases your rate of health regeneration.
   Rampage:   It bestows one free step when moving towards enemies.
Jewellery
 h - a ring of poison resistance (left claw)
 i - a ring of willpower (right claw)
 A - an amulet of regeneration
 K - a ring of fire
 M - a ring of wizardry
 N - a +6 ring of dexterity
 O - an amulet of the acrobat
 P - the amulet of Vitality (around neck) {RegenMP++ Regen++}
   (You bought it in a shop on level 2 of the Orcish Mines)

   [amulet of magic regeneration]

   It increases your rate of magic regeneration.
   Regen:     It increases your rate of health regeneration.
Wands
 k - a wand of polymorph (5)
 u - a wand of mindburst (12)
 C - a wand of acid (1)
 F - a wand of paralysis (9)
Scrolls
 e - 3 scrolls of enchant weapon
 g - 5 scrolls of amnesia
 o - 3 scrolls of enchant armour
 p - 7 scrolls of teleportation
 r - 2 scrolls of poison
 t - 2 scrolls of magic mapping
 w - 3 scrolls of immolation
 D - 2 scrolls of fear
 H - a scroll of noise
 I - a scroll of blinking
 S - 2 scrolls of fog
Potions
 f - a potion of flight
 j - 7 potions of curing
 l - 5 potions of haste
 m - 2 potions of cancellation
 n - 5 potions of ambrosia
 q - 5 potions of brilliance
 s - 3 potions of heal wounds
 B - a potion of resistance
 L - 2 potions of magic
 R - 2 potions of might


   Skills:
 + Level 14.3(19.3) Fighting
 + Level 17.1(22.1) Long Blades
 + Level 3.3(8.3) Polearms
 + Level 14.7(19.7) Armour
 + Level 4.6(9.6) Dodging
 + Level 0.9(5.9) Stealth
 + Level 13.6(18.6) Shields
 + Level 2.8 Invocations
 + Level 2.1 Evocations


You had 13 spell levels left.
You didn't know any spells.
Your spell library contained the following spells:

 Spells                   Type           Power      Damage    Failure   Level
 Freeze                   Ice            0%         1d3       88%         1
 Ensorcelled Hibernation  Hex/Ice        0%         N/A       95%         2
 Passwall                 Tmut/Erth      0%         N/A       95%         2
 Frozen Ramparts          Ice            0%         1d1       99%         3
 Gell's Gravitas          Tloc           0%         N/A       99%         3
 Lesser Beckoning         Tloc           0%         N/A       99%         3
 Portal Projectile        Hex/Tloc       0%         N/A       99%         3
 Swiftness                Air            0%         N/A       99%         3
 Teleport Other           Tloc           0%         N/A       99%         3
 Anguish                  Hex/Necr       0%         N/A       100%        4
 Hailstorm                Conj/Ice       0%         3d3       100%        4
 Leda's Liquefaction      Hex/Erth       0%         N/A       100%        4
 Enfeeble                 Hex            0%         N/A       100%        7
 Call Canine Familiar     Summ           Unusable   N/A       N/A         3
 Summon Forest            Summ/Tloc      Unusable   N/A       N/A         5
 Summon Mana Viper        Hex/Summ       Unusable   N/A       N/A         5
 Summon Cactus Giant      Summ           Unusable   N/A       N/A         6

Dungeon Overview and Level Annotations

Branches:
Dungeon (12/15)            Temple (1/1) D:7            Lair (3/5) D:11
  Swamp (0/4) Lair:2        Snake (0/4) Lair:3          Orc (2/2) D:10
    Elf (0/3) Orc:2       Ossuary (visited)

Altars:
Ashenzari
Cheibriados
Dithmenos
Elyvilon
Fedhas
Gozag
Hepliaklqana
Kikubaaqudgha
Makhleb
Nemelex Xobeh
Okawaru
Qazlal
Ru
Sif Muna
Trog
Uskayaw
Vehumet
Wu Jian
Xom
Yredelemnul
Zin
The Shining One

Shops:
D:4 *[   D:10 !   Orc:2 :(*[=:

Portals:
Abyss: D:3

Annotations:
D:10 flight
Lair:2 exclusion: 2 oklob plants


Innate Abilities, Weirdness & Mutations

You have a pair of horns on your head.
You reflexively headbutt those who attack you in melee.
You have sharp fingernails.
You possess an exceptional clarity of mind.


Message History

The spriggan hits you but does no damage.
Unknown command.
You feel much better. Duchin's ghost completely misses you.
You furiously retaliate!
You headbutt duchin's ghost! The spriggan rider closely misses you.
The spriggan hits you but does no damage.
You miss duchin's ghost.
You headbutt duchin's ghost, but do no damage.
Duchin's ghost is severely damaged.
Duchin's ghost freezes you.
You are frozen!!
* * * LOW HITPOINT WARNING * * *
The spriggan rider hits you but does no damage.
You miss duchin's ghost. Your headbutt misses duchin's ghost.
Duchin's ghost is severely damaged.
The spriggan barely misses you. Duchin's ghost barely misses you.
You furiously retaliate!
You headbutt duchin's ghost, but do no damage.
Unknown command.
You slice duchin's ghost!! You headbutt duchin's ghost.
You destroy duchin's ghost!
Okawaru accepts your kill. The spriggan rider closely misses you.
The spriggan hits you from afar with a +0 trident.
* * * LOW HITPOINT WARNING * * *
Unknown command.
The spriggan rider hits you but does no damage.
You are electrocuted!
* * * LOW HITPOINT WARNING * * *
The spriggan hits you with a +0 trident.
* * * LOW HITPOINT WARNING * * *
There is an open translucent door here.
Unknown command.
The spriggan attacks as you move away! The spriggan barely misses you.
You furiously retaliate!
You headbutt the spriggan!
The spriggan rider hits you but does no damage.
You are electrocuted!!
* * * LOW HITPOINT WARNING * * *
The spriggan hits you from afar with a +0 trident!
You die...

...##......##...##..>...##....#P~
....##......#...##.......##P###P~
.#..##......######......#######♣~
##...P...####♣♣♣#.............##.
#..P....##♣♣♣♣ii##............<##
..>.....#♣♣...♣##................
........#♣..hh♣#8................
........#♣.. ♣i#..........(......
P.......#♣...♣.'@................
....#P..# ♣$.i#.................
##..##P.#♣..♣.♣#8................
.....#..#♣♣ ♣♣.##..........#..#..
........## ♣♣.#........#.#..###
.........### ♣♣#.......##.....#.
#...).#.†..#######.......#.......
##...##.....#...##.............##
###..##....##...##.............##


You could see a spriggan rider, 2 polar bears and 2 spriggans.

Vanquished Creatures
  2 orc warlords (Orc:1)
  The ghost of matti1234 the Unseen, a journeyman KoEn of Gozag (Orc:2)
  The ghost of grerr the Blocker, a journeyman FoFi of Makhleb (Orc:1)
  The ghost of duchin the Spear-Bearer, a journeyman MfIE of Yredelemnul (Lair:3)
  A boulder beetle (D:11)
  3 hydras
  2 two-headed ogres
  The ghost of ripuliukko the Geomancer, a journeyman GrEE of Vehumet (D:11)
  An orc high priest (Orc:2)
  A sun demon (D:11)
  A fire crab (shapeshifter) (D:11)
  4 skeletal warriors (D:12)
  5 orc knights
  A glowing orange brain (D:11)
  A lindwurm (shapeshifter) (D:11)
  Pikel (D:8)
  3 cyclopes
  3 orc sorcerers
  4 ugly things (D:11)
  A black mamba (Lair:1)
  9 elephants (Lair:3)
  A smoke demon (D:11)
  Maurice (D:12)
  Psyche (D:8)
  8 cane toads
  Maggie (D:8)
  3 unseen horrors
  A rime drake (shapeshifter) (D:11)
  8 komodo dragons
  A red devil (D:11)
  2 hornets
  A polar bear (Lair:3)
  7 trolls
  A blink frog (shapeshifter) (D:11)
  4 blink frogs (Lair:3)
  Prince Ribbit (D:4)
  A wraith (D:12)
  A water elemental (D:11)
  A shadow (D:12)
  2 wyverns
  44 yaks
  2 ynoxinuls (D:11)
  3 small abominations (D:3)
  A basilisk (D:12)
  A golden eye (shapeshifter) (D:11)
  6 neqoxecs
  A chaos spawn (D:11)
  2 steam dragons
  6 vampire mosquitoes (D:11)
  3 nagas (Lair:3)
  The ghost of NerdRage255 the Trooper, an amateur GrBe of Trog (D:3)
  5 wargs
  2 acid dragons
  Menkaure (D:4)
  Edmund (D:5)
  7 water moccasins
  3 black bears
  39 orc warriors
  A sky beast (D:8)
  7 ogres
  2 wolves (D:11)
  4 phantoms
  A kobold brigand (D:10)
  7 bullfrogs
  2 gnoll sergeants
  5 scorpions
  A wyvern zombie (D:6)
  2 water moccasin zombies (D:6)
  8 wights
  12 electric eels
  3 howler monkeys
  5 quasits
  4 jellies
  A bullfrog skeleton (D:6)
  7 hounds
  Crazy Yiuf (D:6)
  26 orc priests
  26 orc wizards
  4 iguanas
  Natasha (thrice) (D:4)
  A killer bee zombie (D:6)
  A howler monkey zombie (D:6)
  4 mummies (Ossuary)
  9 gnolls
  5 adders
  A shadow imp (D:8)
  3 worms
  2 dart slugs
  88 orcs
  5 ball pythons
  8 bats
  7 endoplasms
  4 giant cockroaches
  7 goblins
  6 hobgoblins
  12 kobolds
  4 quokkas
  2 frilled lizards
  6 gnoll skeletons (Ossuary)
  5 gnoll zombies (Ossuary)
  4 goblin skeletons (Ossuary)
  7 goblin zombies (Ossuary)
  3 hobgoblin skeletons (Ossuary)
  3 hobgoblin zombies (Ossuary)
  3 kobold skeletons (Ossuary)
  2 kobold zombies (Ossuary)
  3 orc skeletons (Ossuary)
  4 orc zombies (Ossuary)
  5 rats
  6 rat skeletons (Ossuary)
  4 rat zombies (Ossuary)
577 creatures vanquished.

Vanquished Creatures (others)
  An orc (D:7)
  4 demonic plants (D:11)
  A fungus (Lair:3)
  25 plants
  A withered plant (D:6)
32 creatures vanquished.

Grand Total: 609 creatures vanquished

Notes
Turn   | Place    | Note
-------+----------+-------------------------------------------
     0 | D:1      | Peloso the Minotaur Fighter began the quest for the Orb.
     0 | D:1      | Reached XP level 1. HP: 19/19 MP: 0/0
   233 | D:1      | Reached XP level 2. HP: 26/27 MP: 1/1
   890 | D:1      | Found a faded altar of an unknown god.
  1109 | D:2      | Reached XP level 3. HP: 33/33 MP: 2/2
  1172 | D:2      | Reached skill level 3 in Long Blades
  1276 | D:2      | Reached XP level 4. HP: 18/40 MP: 3/3
  2071 | D:2      | Reached skill level 4 in Long Blades
  2353 | D:3      | Reached XP level 5. HP: 43/46 MP: 4/4
  2435 | D:3      | Found a transporter.
  2452 | D:3      | Noticed a small abomination
  2561 | D:3      | Noticed a small abomination
  2568 | D:3      | Found a one-way gate to the infinite horrors of the Abyss.
  2568 | D:3      | Noticed NerdRage255's ghost (amateur GrBe)
  2594 | D:3      | Found a transporter.
  3363 | D:4      | Noticed Natasha
  3384 | D:4      | Killed Natasha
  3385 | D:4      | Reached skill level 5 in Long Blades
  3440 | D:4      | Noticed Natasha
  3443 | D:4      | Killed Natasha
  3601 | D:4      | Noticed a phantom
  3611 | D:4      | Killed a phantom
  3612 | D:4      | Reached skill level 5 in Armour
  3612 | D:4      | Reached XP level 6. HP: 51/53 MP: 5/5
  3699 | D:4      | Found Koemowk's Antique Armour Boutique.
  3699 | D:4      | Found Sioru's General Store.
  3705 | D:4      | Reached skill level 6 in Long Blades
  3758 | D:4      | Bought a scroll of identify for 28 gold pieces
  3875 | D:4      | Reached skill level 5 in Fighting
  4429 | D:4      | Noticed Menkaure
  4435 | D:4      | Killed Menkaure
  4565 | D:4      | Found a faded altar of an unknown god.
  4566 | D:4      | Found a faded altar of an unknown god.
  4568 | D:4      | Found a faded altar of an unknown god.
  4568 | D:4      | Found a hazy altar of Hepliaklqana.
  4662 | D:4      | Noticed Natasha
  4668 | D:4      | Killed Natasha
  4823 | D:5      | Entered Level 5 of the Dungeon
  4825 | D:5      | Noticed Prince Ribbit
  4827 | D:5      | Reached XP level 7. HP: 48/61 MP: 6/6
  4912 | D:4      | Killed Prince Ribbit
  4913 | D:4      | Reached skill level 7 in Long Blades
  5459 | D:5      | Reached skill level 8 in Long Blades
  5462 | D:5      | Reached XP level 8. HP: 22/69 MP: 7/7
  5850 | D:5      | Reached skill level 5 in Shields
  5883 | D:5      | Noticed Edmund
  5904 | D:5      | Killed Edmund
  6438 | D:6      | Reached skill level 9 in Long Blades
  6581 | D:6      | Found a sand-covered staircase.
  6756 | Ossuary  | Entered an ossuary
  7173 | Ossuary  | Reached XP level 9. HP: 72/75 MP: 8/8
  7448 | D:6      | Reached skill level 10 in Long Blades
  7827 | D:6      | Found a runed translucent door.
  7828 | D:6      | Noticed Crazy Yiuf
  7834 | D:6      | Killed Crazy Yiuf
  8159 | D:6      | Found a hide-covered altar of Uskayaw.
  8845 | D:7      | Reached skill level 11 in Long Blades
  8868 | D:7      | Found a staircase to the Ecumenical Temple.
  8874 | Temple   | Entered the Ecumenical Temple
  9017 | Temple   | Became a worshipper of Warmaster Okawaru
  9658 | D:7      | Identified the +8 flail of Fate {pain, +Blink Int+5 Dex-2
                  | Stlth+}
  9766 | D:7      | Found a blossoming altar of Fedhas.
 10006 | D:8      | Noticed Psyche
 10017 | D:8      | Killed Psyche
 10018 | D:8      | Reached skill level 1 in Dodging
 10128 | D:8      | Noticed Maggie
 10141 | D:8      | Killed Maggie
 10141 | D:8      | Reached * piety under Okawaru
 10142 | D:8      | Reached XP level 10. HP: 44/86 MP: 9/9
 10399 | D:8      | Noticed Pikel
 10421 | D:8      | Killed Pikel
 10422 | D:8      | Reached skill level 12 in Long Blades
 10422 | D:8      | Reached skill level 10 in Armour
 11276 | D:8      | Found a glowing silver altar of Zin.
 11455 | D:8      | Found an ornate altar of the Wu Jian Council.
 11455 | D:8      | Found a shimmering blue altar of Sif Muna.
 11463 | D:8      | Found an opulent altar of Gozag.
 11465 | D:8      | Found a sacrificial altar of Ru.
 11467 | D:8      | Found a faded altar of an unknown god.
 11592 | D:8      | Reached ** piety under Okawaru
 11714 | D:9      | Found a radiant altar of Vehumet.
 11715 | D:9      | Found a snail-covered altar of Cheibriados.
 11743 | D:9      | Reached skill level 13 in Long Blades
 11799 | D:9      | Reached *** piety under Okawaru
 12159 | D:9      | Found a glowing golden altar of the Shining One.
 12250 | D:9      | Received a gift from Okawaru
 12428 | D:10     | Entered Level 10 of the Dungeon
 12544 | D:10     | Noticed a two-headed ogre
 12564 | D:10     | Killed a two-headed ogre
 12565 | D:10     | Reached XP level 11. HP: 87/97 MP: 8/10
 12670 | D:10     | Reached **** piety under Okawaru
 12684 | D:10     | Reached skill level 14 in Long Blades
 12735 | D:10     | Found Zenomeb's Distillery.
 12743 | D:10     | Bought a potion of berserk rage for 75 gold pieces
 12824 | D:10     | Found a staircase to the Orcish Mines.
 14031 | D:11     | Found a shimmering blue altar of Sif Muna.
 14094 | D:11     | Reached skill level 1 in Evocations
 14106 | D:11     | Noticed a seven-headed hydra
 14300 | D:11     | Reached skill level 10 in Fighting
 14308 | D:11     | Noticed a sun demon
 14330 | D:11     | Killed a sun demon
 14462 | D:11     | Reached skill level 1 in Invocations
 14471 | D:11     | Gained mutation: Your body sometimes deteriorates upon
                  | taking damage. [a neqoxec]
 14481 | D:11     | Received a gift from Okawaru
 14482 | D:11     | Found a staircase to the Lair.
 14551 | D:11     | Noticed a boulder beetle
 14558 | D:11     | Killed a seven-headed hydra
 14558 | D:11     | Reached ***** piety under Okawaru
 14589 | D:11     | Killed a boulder beetle
 14589 | D:11     | Received a gift from Okawaru
 14590 | D:11     | Reached skill level 1 in Polearms
 15026 | D:11     | Reached XP level 12. HP: 88/107 MP: 12/12
 15155 | D:11     | Reached skill level 10 in Shields
 15225 | D:11     | Found a runed translucent gate.
 15225 | D:11     | Found a runed translucent gate.
 15225 | D:11     | Found a runed translucent gate.
 15234 | D:11     | Noticed a two-headed ogre
 15234 | D:11     | an elephant changed into a two-headed ogre
 15236 | D:11     | a two-headed ogre changed into a merfolk
 15407 | D:11     | Noticed an anaconda
 15407 | D:11     | a steelbarb worm changed into an anaconda
 15414 | D:11     | an anaconda changed into an eye of devastation
 15655 | D:3      | Killed NerdRage255's ghost
 15882 | Lair:1   | Entered Level 1 of the Lair of Beasts
 15908 | Lair:1   | Paralysed by a hornet for 2 turns
 16080 | Lair:1   | Received a gift from Okawaru
 17002 | Lair:2   | Noticed a seven-headed hydra
 17018 | Lair:2   | Killed a seven-headed hydra
 17019 | Lair:2   | Reached skill level 15 in Long Blades
 17139 | Lair:2   | Identified the +2 chain mail of Zagiel {Rampage Regen+}
 17183 | Lair:2   | Found a staircase to the Swamp.
 17208 | Lair:2   | Received a gift from Okawaru
 17521 | Lair:2   | Found a blossoming altar of Fedhas.
 17944 | Orc:1    | Entered Level 1 of the Orcish Mines
 18107 | Orc:1    | Found a runed translucent door.
 18109 | Orc:1    | Noticed grerr's ghost (journeyman FoFi)
 18263 | Orc:1    | Noticed a two-headed ogre
 18291 | Orc:1    | Killed a two-headed ogre
 18598 | Orc:2    | Entered Level 2 of the Orcish Mines
 18722 | Orc:2    | Noticed an orc warlord
 18751 | Orc:2    | Reached XP level 13. HP: 118/118 MP: 2/13
 18791 | Orc:1    | Killed an orc warlord
 19158 | Orc:2    | Found a staircase to the Elven Halls.
 19239 | Orc:2    | Found Olahibla's Antique Weapon Shop.
 19254 | Orc:2    | Found Nuanuuzaec's Antique Armour Shop.
 19333 | Orc:2    | Found Opsyuc's Book Shop.
 19348 | Orc:2    | Found Zafutow's General Store.
 19357 | Orc:2    | Bought a scroll of noise for 13 gold pieces
 19378 | Orc:2    | Found a transporter.
 19391 | Orc:2    | Noticed matti1234's ghost (journeyman KoEn)
 19446 | Orc:2    | Found a transporter.
 19479 | Orc:2    | Identified the +9 great sword of Purpose {venom, rN+ Dex+4}
                  | (Okawaru gifted it to you on level 2 of the Orcish Mines)
 19479 | Orc:2    | Received a gift from Okawaru
 19515 | Orc:2    | Killed matti1234's ghost
 19568 | Orc:2    | Found Jaraich's Vocational Training.
 19730 | Orc:2    | Found Kuded's Jewellery Boutique.
 19752 | Orc:2    | Bought the amulet of Vitality {RegenMP++ Regen++} for 1300
                  | gold pieces
 19752 | Orc:2    | Found the amulet of Vitality {RegenMP++ Regen++}
 19797 | Orc:2    | Noticed an orc warlord
 19893 | Orc:1    | Killed an orc warlord
 20058 | Orc:1    | Killed grerr's ghost
 20726 | Lair:3   | Found a staircase to the Snake Pit.
 20848 | Lair:3   | Reached skill level 16 in Long Blades
 21207 | Lair:3   | Received a gift from Okawaru
 21333 | Lair:3   | Found a runed translucent door.
 21333 | Lair:3   | Identified the +5 spear of Slimy Punishment {elec, rPois
                  | Dex+3}
 21333 | Lair:3   | Noticed duchin's ghost (journeyman MfIE)
 21916 | D:12     | Noticed Maurice
 21928 | D:12     | Killed Maurice
 21991 | D:12     | Reached XP level 14. HP: 26/130 MP: 15/15
 22183 | D:12     | Identified the +1 scale mail of Ranoll {+Blink Will+ Int+3}
 22911 | D:11     | Found a runed translucent gate.
 22911 | D:11     | Found a runed translucent gate.
 22912 | D:11     | Noticed ripuliukko's ghost (journeyman GrEE)
 22913 | D:11     | Found a runed translucent gate.
 22952 | D:11     | Gained mutation: Your magical capacity is low. (-10% MP)
                  | [mutagenic glow]
 22963 | D:11     | Killed ripuliukko's ghost
 22964 | D:11     | Reached skill level 17 in Long Blades
 22966 | D:11     | Gained mutation: Your body often deteriorates upon taking
                  | damage. [mutagenic glow]
 22981 | D:11     | Gained mutation: You are clumsy. (Dex -2) [mutagenic glow]
 23014 | D:11     | Lost mutation: You are clumsy. (Dex -2) [potion of
                  | mutation]
 23014 | D:11     | Lost mutation: Your body often deteriorates upon taking
                  | damage. [potion of mutation]
 23014 | D:11     | Gained mutation: Potions are less effective at restoring
                  | your health. [potion of mutation]
 23014 | D:11     | Gained mutation: Your spells are a little harder to cast,
                  | but a little more powerful. [potion of mutation]
 23014 | D:11     | Gained mutation: Potions cannot restore your health.
                  | [mutagenic glow]
 23015 | D:11     | Lost mutation: Your body sometimes deteriorates upon taking
                  | damage. [potion of mutation]
 23015 | D:11     | Lost mutation: Your spells are a little harder to cast, but
                  | a little more powerful. [potion of mutation]
 23015 | D:11     | Lost mutation: Potions cannot restore your health. [potion
                  | of mutation]
 23015 | D:11     | Gained mutation: You have sharp fingernails. [potion of
                  | mutation]
 23015 | D:11     | Gained mutation: You possess an exceptional clarity of
                  | mind. [potion of mutation]
 23017 | D:11     | Lost mutation: Your magical capacity is low. (-10% MP)
                  | [potion of mutation]
 23017 | D:11     | Lost mutation: Potions are less effective at restoring your
                  | health. [potion of mutation]
 23136 | Lair:3   | Killed duchin's ghost
 23138 | Lair:3   | Slain by a spriggan

Illustrated notes

Levels and vault maps discovered:
D:1:      nicolae_arrival_somewhat_less_tricky_arrival, layout_basic,
          hellmonk_ecumenical_altar_crossroads, nrook_uturn
D:2:      layout_rooms, roderic_serpentine_path, nrook_campfire, st_stairs_13
D:3:      layout_basic, gammafunk_ghost_abyssal_escape
D:4:      layout_basic, nicolae_hepliaklqana_ecumenical_no_more,
          nicolae_wooded_promenade, minmay_misc_feat_cross,
          minmay_misc_feat_doors, minivault_14, uniq_natasha, uniq_menkaure
D:5:      layout_rooms, minmay_misc_feat_pillars, uniq_edmund,
          uniq_prince_ribbit1
D:6:      layout_basic, kennysheep_mini, serial_undead, serial_undead_f,
          serial_undead_c, serial_undead_e, serial_undead_c,
          nicolae_ossuary_entry_plus, grunt_decor_fettered, roderic_lattice_a,
          uniq_crazy_yiuf_cottage
D:7:      layout_cave_pools, fedhas_altar_4,
          minmay_temple_entry_enclosed_plants, serial_bayou,
          serial_bayou_crossing, serial_bayou_lagoon_a, serial_bayou_shore_a,
          serial_bayou_lagoon_b
D:8:      layout_basic, chequers_temple_overflow_minitemple, zin_treasury,
          serial_curves, eino_curves_03, eino_curves_02, kennysheep_donut,
          uniq_pikel, uniq_psyche, uniq_maggie
D:9:      layout_roguey, gammafunk_temple_overflow_forgotten
D:10:     statuecave_lemuel, layout_layer_cave, david_orc_3, serial_shops, shop,
          minmay_misc_feat_encased
D:11:     layout_loops_ring, erik_lair_island,
          ploomutoo_gammafunk_ghost_potion_laboratory, serial_demonic,
          serial_demonic_f, serial_demonic_e, serial_demonic_a,
          serial_demonic_c, serial_demonic_a, nicolae_sif_muna_condensation
D:12:     layout_irregular_city, uniq_maurice
Temple:   jpeg_temple_clearing
Lair:1:   layout_gridlike
Lair:2:   layout_chaotic_city, swamp_mist, hangedman_tree_tricks,
          infiniplex_staircase_pool
Lair:3:   layout_regular_city, guppyfry_snake_entry_garden,
          ebering_ghost_funeral_grove, grunt_forest_small_clearing_treed,
          grunt_megastairs_2, infiniplex_staircase_pool_2
Orc:1:    nicolae_orc_accident_3, layout_caves, basic_altar,
          ebering_ghost_inner_flame
Orc:2:    grunt_orc_cross, layout_caves, gammafunk_ghost_stat_death,
          serial_shops, shop_coins, nicolae_shop_vocational

Skill      XL: |  1  2  3  4  5  6  7  8  9 10 11 12 13 14 |
---------------+-------------------------------------------+-----
Shields        | 4 5 6 7 9 11 13 | 13.6
Armour         | 4 5 6 8 9 10 12 13 14 | 14.7
Long Blades    | 3 4 5 6 8 9 11 13 14 15 16 17 | 17.1
Fighting       | 4 5 6 7 9 10 12 13 14 | 14.3
Dodging        | 1 2 4 |  4.6
Evocations     | 2 |  2.1
Invocations    | 1 2 |  2.8
Polearms       | 2 3 |  3.3
Stealth        | |  0.9

Action                   |  1- 3 |  4- 6 |  7- 9 | 10-12 | 13-15 || total
-------------------------+-------+-------+-------+-------+-------++-------
Melee: Long sword        |    67 |   139 |   402 |       |       ||   608
       Headbutt          |    10 |    24 |    95 |   293 |   192 ||   614
       Falchion          |       |       |    22 |   982 |       ||  1004
       Trident           |       |       |       |    28 |    11 ||    39
       Demon blade       |       |       |       |   183 |   597 ||   780
       Scimitar          |       |       |       |    28 |       ||    28
       Great sword       |       |       |       |       |   165 ||   165
Invok: Heroism           |       |       |       |    24 |    23 ||    47
Evoke: Wand              |       |       |     6 |    15 |       ||    21
  Use: Scroll            |     2 |     4 |     7 |     9 |     3 ||    25
       Potion            |     2 |       |     4 |     3 |     9 ||    18
Armor: Scale mail        |    23 |       |       |       |       ||    23
       Plate armour      |     4 |    96 |   229 |   529 |       ||   858
       Chain mail        |       |       |       |    64 |   404 ||   468
Dodge: Dodged            |    31 |    38 |   102 |   257 |   266 ||   694
Block: Buckler           |    17 |    27 |    89 |    46 |       ||   179
       Kite shield       |       |       |       |   433 |   373 ||   806
